 Dungeon Crawl Stone Soup version 0.24.0-29-g8ce449bc06 (webtiles) character file.

Game seed: 3776089199404489944, levelgen mode: deterministic

184 Flugslaktarn the Shield-Bearer (level 5, -10/47 HPs)
             Began as a Minotaur Fighter on Nov 16, 2019.
             Mangled by an ogre
             ... wielding a +0 giant club
              (15 damage)
             ... on level 4 of the Dungeon.
             The game lasted 00:00:55 (2057 turns).

Flugslaktarn the Shield-Bearer (Minotaur Fighter)   Turns: 2057, Time: 00:00:56

Health: -10/47     AC:  8    Str: 21    XL:     5   Next: 36%
Magic:  4/4        EV:  7    Int:  5    God:
Gold:   71         SH:  9    Dex: 10    Spells: 4/4 levels left

rFire    . . .     SeeInvis .   a - +0 war axe
rCold    . . .     Gourm    .   c - +0 shield
rNeg     . . .     Faith    .   b - +0 scale mail
rPois    .         Spirit   .   (helmet restricted)
rElec    .         Reflect  .   (no cloak)
rCorr    .         Harm     .   h - +0 pair of gloves
MR       +....                  (no boots)
Stlth    ..........             (no amulet)
HPRegen  0.15/turn              m - ring of protection from magic
MPRegen  0.09/turn              (no ring)

@: no status effects
A: retaliatory headbutt, horns 2
a: no special abilities


You were on level 4 of the Dungeon.
You were not hungry.

You visited 1 branch of the dungeon, and saw 4 of its levels.

You collected 71 gold pieces.

Inventory:

Hand Weapons
 a - a +0 war axe (weapon)
Armour
 b - a +0 scale mail (worn)
 c - a +0 shield (worn)
 h - a +0 pair of gloves (worn)
   (You found it on level 3 of the Dungeon)
Jewellery
 m - a ring of protection from magic (left hand)
   (You found it on level 3 of the Dungeon)
Scrolls
 g - a scroll of identify {unknown}
 i - 2 scrolls of blinking {unknown}
 j - a scroll of immolation {unknown}
 k - a scroll of fog {unknown}
Potions
 d - 3 potions of might
Comestibles
 e - 3 rations


   Skills:
 + Level 4.6 Fighting
 * Level 4.6 Axes
 + Level 4.6 Armour
 + Level 4.6 Shields


You had 4 spell levels left.
You didn't know any spells.
Your spell library was empty.

Dungeon Overview and Level Annotations

Branches:
Dungeon (4/15)
 Temple: D:4-7

Altars:
Hepliaklqana


Innate Abilities, Weirdness & Mutations

You reflexively headbutt those who attack you in melee.
You have a pair of horns on your head.


Message History

The ogre shouts!
The ogre hits you with a +0 giant club!
Your shield and scale mail prevent you from hitting the ogre.
The ogre closely misses you.
You closely miss the ogre. You block the ogre's attack.
You completely miss the ogre. The ogre hits you with a +0 giant club!
You hit the ogre. You headbutt the ogre!
The ogre is heavily wounded.
The ogre hits you with a +0 giant club!!
* * * LOW HITPOINT WARNING * * *
You are too injured to fight recklessly!
You are too injured to fight recklessly!
You are too injured to fight recklessly!
You are too injured to fight recklessly!
You are too injured to fight recklessly!
You are too injured to fight recklessly!
You hit the ogre.
The ogre is severely wounded.
The ogre hits you with a +0 giant club!
You die...

######..##.#
#..........#
#####.#
#...########
#.# ##.# #.#
#.# #.# #.#
#########.#
......O@..#
###########


You could see an ogre.

Vanquished Creatures
  A gnoll shaman (D:4)
  5 gnolls
  5 adders
  3 oozes (D:1)
  A dart slug (D:2)
  A leopard gecko (D:2)
  2 orcs (D:3)
  7 giant cockroaches
  3 goblins
  4 hobgoblins
  3 jackals
  2 quokkas
  2 ball pythons (D:3)
  4 bats
  3 kobolds
  5 rats
51 creatures vanquished.

Notes
Turn   | Place    | Note
-------+----------+-------------------------------------------
     0 | D:1      | Flugslaktarn the Minotaur Fighter began the quest for the
                  | Orb.
     0 | D:1      | Reached XP level 1. HP: 19/19 MP: 0/0
     1 | D:1      | Found a runed translucent door.
   119 | D:1      | Reached XP level 2. HP: 27/27 MP: 1/1
   142 | D:1      | Reached XP level 3. HP: 23/33 MP: 2/2
   691 | D:3      | Reached XP level 4. HP: 30/40 MP: 3/3
  1011 | D:3      | Found a hazy altar of Hepliaklqana.
  1513 | D:3      | HP: 1/41 [gnoll (3)]
  1515 | D:3      | Reached XP level 5. HP: 1/47 MP: 4/4
  2050 | D:4      | Noticed an ogre
  2057 | D:4      | Mangled by an ogre

Levels and vault maps discovered:
D:1:      dpeg_arrival_caged_fury, layout_loops_corners, minmay_strange_pillars,
          chequers_avenue, chequers_arboretum, st_stairs_7
D:2:      layout_basic
D:3:      layout_basic, nicolae_overflow_hidden_temple, grunt_ministairs_6,
          saegor_snake_ambush
D:4:      layout_loops_ring, minmay_lizard_king, uniq_blork_the_orc, uniq_pikel

Skill      XL: |  1  2  3  4 |
---------------+-------------+-----
Axes           | 3 4 |  4.6
Shields        | 4 |  4.6
Fighting       | 4 |  4.6
Armour         | 4 |  4.6

Action                   |  1- 3 |  4- 6 || total
-------------------------+-------+-------++-------
Melee: War axe           |    78 |    76 ||   154
       Headbutt          |     8 |     9 ||    17
  Eat: Chunk             |       |     4 ||     4
Armor: Scale mail        |    40 |    32 ||    72
Dodge: Dodged            |    28 |    29 ||    57
Block: Shield            |    42 |    66 ||   108
